 Dungeon Crawl Stone Soup version 0.27-a0-577-ge2a43ba0c9 (webtiles) character file.

Game seed: 2576086119063801346

172 greynaab the Sneak (level 5, -2/37 HPs)
             Began as a Gnoll Enchanter on Mar 9, 2021.
             Slain by a white imp (4 damage)
             ... summoned by Natasha
             ... on level 2 of the Dungeon.
             The game lasted 00:10:19 (2101 turns).

greynaab the Sneak (Gnoll Enchanter)                Turns: 2101, Time: 00:10:20

Health: -2/37      AC:  3    Str:  9    XL:     5   Next: 53%
Magic:  7/12       EV: 13    Int: 14    God:
Gold:   161        SH:  5    Dex: 12    Spells: 11/14 levels left

rFire    . . .     SeeInvis .   a - +0 dagger (venom)
rCold    . . .     Faith    .   (no shield)
rNeg     . . .     Spirit   .   n - +0 robe
rPois    .         Reflect  +   (no helmet)
rElec    .         Harm     .   (no cloak)
rCorr    .         Rampage  .   (no gloves)
Will     .....                  k - +0 pair of boots
Stlth    +++.......             e - amulet of reflection
HPRegen  0.12/turn              (no ring)
MPRegen  0.13/turn              (no ring)

@: mighty, flying
A: fangs 1, strong nose, distributed training
a: no special abilities


You were on level 2 of the Dungeon.
You visited 1 branch of the dungeon, and saw 4 of its levels.

You collected 161 gold pieces.

Inventory:

Hand Weapons
 a - a +0 dagger of venom (weapon)
 b - a +0 dagger of electrocution
Missiles
 g - 9 poisoned darts (quivered)
 j - 78 stones
Armour
 k - a +0 pair of boots (worn)
 n - a +0 robe (worn)
Jewellery
 e - an amulet of reflection (around neck)
 f - an amulet of faith
 l - a +4 ring of protection
Wands
 o - a wand of paralysis (9)
Scrolls
 c - 4 scrolls of identify {unknown}
 r - 3 scrolls of blinking {unknown}
Potions
 i - a potion of haste {unknown}
 m - a potion of degeneration {unknown}
 p - a potion of cancellation {unknown}


   Skills:
 + Level 1.5 Fighting
 + Level 3.0 Short Blades
 + Level 1.5 Long Blades
 + Level 1.5 Axes
 + Level 1.5 Maces & Flails
 + Level 1.5 Polearms
 + Level 1.5 Staves
 + Level 1.5 Slings
 + Level 1.5 Bows
 + Level 1.5 Crossbows
 + Level 1.5 Throwing
 + Level 1.5 Armour
 + Level 4.8 Dodging
 + Level 6.1 Stealth
 + Level 1.5 Shields
 + Level 1.5 Unarmed Combat
 + Level 5.2 Spellcasting
 + Level 1.2 Conjurations
 + Level 5.5 Hexes
 + Level 1.2 Summonings
 + Level 1.2 Necromancy
 + Level 1.2 Translocations
 + Level 1.2 Transmutations
 + Level 1.2 Fire Magic
 + Level 1.2 Ice Magic
 + Level 1.2 Air Magic
 + Level 1.2 Earth Magic
 + Level 1.2 Poison Magic
 + Level 1.7 Invocations
 + Level 1.5 Evocations


You had 11 spell levels left.
You knew the following spells:

 Your Spells              Type           Power      Damage    Failure   Level
a - Corona                Hex            21%        N/A       1%          1
b - Ensorcelled Hibernat  Hex/Ice        26%        N/A       6%          2

Your spell library contained the following spells:

 Spells                   Type           Power      Damage    Failure   Level
 Confusing Touch          Hex            19%        N/A       5%          3
 Tukima's Dance           Hex            19%        N/A       5%          3
 Dazzling Flash           Conj/Hex       26%        N/A       13%         3


Dungeon Overview and Level Annotations

Branches:
Dungeon (4/15)
 Temple: D:4-7

Altars:
Dithmenos
Sif Muna

Shops:
D:4 !

Annotations:
D:2 Natasha


Innate Abilities, Weirdness & Mutations

You have very sharp teeth.
Your uncanny sense of smell can sniff out nearby items.
Your experience applies equally to all skills.


Message History

You impale the adder!!
You kill the adder!
The white imp gestures at you. The puff of frost hits you!
Natasha hisses angrily.
The white imp hits you. The white imp freezes you. Natasha barely misses you.
Casting: Ensorcelled Hibernation (safe; 6% risk of failure)
Confirm with . or Enter, or press ? or * to list all spells.
You don't know that spell.
Unknown command.
Hit: a) +0 dagger (venom)
Press: ? - help, Dir - move target, f/p - Natasha
Aim: Natasha (about 44% to evade your +0 dagger of venom)
Okay, then.
Unknown command.
Aiming: Paralyse
Press: ? - help, Shift-Dir - straight line, f/p - Natasha
Aim: Natasha (chance to affect: 50%) Natasha resists with some effort.
The white imp barely misses you. Natasha claws you.
Your magical contamination has completely faded away.
Unknown command.
The white imp gestures at you. The puff of frost hits you!
* * * LOW HITPOINT WARNING * * *
Natasha stares at you and mumbles some strange words.
The magic dart hits you.
* * * LOW HITPOINT WARNING * * *
Unknown command.
As you read the scroll labelled YPHAON EDWOIDGH, it crumbles to dust.
You assume a fearsome visage.
The white imp is unaffected.
Natasha looks frightened!
It was a scroll of fear.
The white imp hits you but does no damage.
It was a potion of might.
You feel very mighty all of a sudden.
The white imp hits you but does no damage.
It was a potion of flight.
You feel very buoyant.
You fly up into the air.
The white imp hits you.
You die...

........>...##.###.###.##
## .............#.##.##
##.# #.
.#####............# #.#
#. .# #.......#.##.##
##.# #. .#
#.............###.## ∆#.
.# #.)...###.#.##...## #.
.#####..#######...#####
$. ........# #.†'...'..#∆
#. ........# #..#.@.#..#
#. ###..#### ####..5# ##
#### #...# ∆ ∆ #...#
.'.h.'. ∆ ...#...#...
.....#...#..... '###
#...# ###' ∆ #...# ∆


You could see Natasha (fleeing) and a white imp (summoned).

Vanquished Creatures
  Natasha (twice) (D:2)
  A worker ant (D:4)
  Ijyb (D:3)
  4 adders
  A dart slug (D:1)
  A leopard gecko (D:2)
  5 bats
  A giant cockroach (D:2)
  3 goblins
  5 hobgoblins
  2 jackals (D:1)
  7 kobolds
  2 ball pythons (D:2)
  4 frilled lizards
  3 rats
42 creatures vanquished.

Notes
Turn   | Place    | Note
-------+----------+-------------------------------------------
     0 | D:1      | greynaab the Gnoll Enchanter began the quest for the Orb.
     0 | D:1      | Reached XP level 1. HP: 13/13 MP: 6/6
   293 | D:1      | Reached XP level 2. HP: 19/19 MP: 5/7
   296 | D:1      | Learned a level 2 spell: Ensorcelled Hibernation
  1049 | D:2      | Reached skill level 6 in Stealth
  1049 | D:2      | Reached skill level 5 in Spellcasting
  1049 | D:2      | Reached XP level 3. HP: 25/25 MP: 7/9
  1161 | D:2      | Reached skill level 1 in Invocations
  1275 | D:2      | Noticed Natasha
  1285 | D:2      | Killed Natasha
  1286 | D:2      | Reached skill level 1 in Fighting
  1286 | D:2      | Reached skill level 1 in Long Blades
  1286 | D:2      | Reached skill level 1 in Axes
  1286 | D:2      | Reached skill level 1 in Maces & Flails
  1286 | D:2      | Reached skill level 1 in Polearms
  1286 | D:2      | Reached skill level 1 in Staves
  1286 | D:2      | Reached skill level 1 in Slings
  1286 | D:2      | Reached skill level 1 in Bows
  1286 | D:2      | Reached skill level 1 in Crossbows
  1286 | D:2      | Reached skill level 1 in Throwing
  1286 | D:2      | Reached skill level 1 in Armour
  1286 | D:2      | Reached skill level 1 in Shields
  1286 | D:2      | Reached skill level 1 in Unarmed Combat
  1286 | D:2      | Reached skill level 1 in Evocations
  1286 | D:2      | Reached XP level 4. HP: 28/32 MP: 8/11
  1289 | D:2      | Noticed Natasha
  1297 | D:2      | Killed Natasha
  1376 | D:2      | Reached skill level 1 in Conjurations
  1376 | D:2      | Reached skill level 1 in Summonings
  1376 | D:2      | Reached skill level 1 in Necromancy
  1376 | D:2      | Reached skill level 1 in Translocations
  1376 | D:2      | Reached skill level 1 in Transmutations
  1376 | D:2      | Reached skill level 1 in Fire Magic
  1376 | D:2      | Reached skill level 1 in Ice Magic
  1376 | D:2      | Reached skill level 1 in Air Magic
  1376 | D:2      | Reached skill level 1 in Earth Magic
  1376 | D:2      | Reached skill level 1 in Poison Magic
  1553 | D:2      | You fall into a shaft and drop 2 floors!
  1699 | D:4      | Found Aghinul's Distillery.
  1714 | D:3      | Reached XP level 5. HP: 37/37 MP: 7/12
  1756 | D:3      | Noticed Ijyb
  1763 | D:3      | Killed Ijyb
  1874 | D:3      | Found a shadowy altar of Dithmenos.
  1937 | D:2      | Found a shimmering blue altar of Sif Muna.
  2088 | D:2      | Noticed Natasha
  2101 | D:2      | Slain by a white imp

Illustrated notes

Levels and vault maps discovered:
D:1:      minmay_arrival_semitransparent, layout_rooms
D:2:      layout_loops_ring, lemuel_round_altar,
          nicolae_sif_muna_little_library, minmay_snake_closets, uniq_natasha
D:3:      layout_basic, nicolae_dithmenos_shadow_blocks, uniq_terence,
          uniq_grinder, uniq_ijyb, uniq_sigmund
D:4:      layout_cave_pools, minmay_temple_entry_mini_moons, serial_shops,
          nicolae_shop_statue_plus

Skill      XL: |  1  2  3  4  5 |
---------------+----------------+-----
Stealth        | 6 |  6.1
Spellcasting   | 5 |  5.2
Invocations    | 1 |  1.7
Fighting       | 1 |  1.5
Long Blades    | 1 |  1.5
Axes           | 1 |  1.5
Maces & Flails | 1 |  1.5
Polearms       | 1 |  1.5
Staves         | 1 |  1.5
Slings         | 1 |  1.5
Bows           | 1 |  1.5
Crossbows      | 1 |  1.5
Throwing       | 1 |  1.5
Armour         | 1 |  1.5
Shields        | 1 |  1.5
Unarmed Combat | 1 |  1.5
Evocations     | 1 |  1.5
Conjurations   | 1 |  1.2
Summonings     | 1 |  1.2
Necromancy     | 1 |  1.2
Translocations | 1 |  1.2
Transmutations | 1 |  1.2
Fire Magic     | 1 |  1.2
Ice Magic      | 1 |  1.2
Air Magic      | 1 |  1.2
Earth Magic    | 1 |  1.2
Poison Magic   | 1 |  1.2
Short Blades   | 3 |  3.0
Dodging        | |  4.8
Hexes          | |  5.5

Action                   |  1- 3 |  4- 6 || total
-------------------------+-------+-------++-------
Melee: Dagger            |    49 |    23 ||    72
       Bite              |     3 |     1 ||     4
Throw: Dart              |    12 |       ||    12
 Cast: Corona            |     3 |       ||     3
       Ensorcelled Hiber |    12 |    15 ||    27
Evoke: Wand              |       |     1 ||     1
  Use: Potion            |       |     2 ||     2
       Scroll            |       |     1 ||     1
 Stab: Sleeping          |    10 |    12 ||    22
       Distracted        |       |     1 ||     1
Armor: Robe              |     5 |     5 ||    10
Dodge: Dodged            |    31 |     9 ||    40
Block: Other             |    11 |     1 ||    12

Table legend: (Time is in decaauts)
 A = Elapsed time spent in this place.
 B = Non-inter-level travel time spent in this place.
 C = Inter-level travel time spent in this place.
 D = Time resting spent in this place.
 E = Time spent auto-exploring this place.
 F = Levels seen in this place.
 G = Mean time per level.
                   A        B        C        D        E       F      G
               +--------+--------+--------+--------+--------+-----+--------+
         Total |   2090 |   2044 |     46 |    407 |   1210 |   4 |  522.5 |
       Dungeon |   2090 |   2044 |     46 |    407 |   1210 |   4 |  522.5 |
               +--------+--------+--------+--------+--------+-----+--------+

Top non-repeatable levels by time:
     D:1: 1032 daAuts
     D:2: 714 daAuts
     D:3: 191 daAuts
     D:4: 152 daAuts
